 Dungeon Crawl Stone Soup version 0.31-a0-1144-g99969ba1bc (webtiles) character file.

Game seed: 12643516393046532674

263 inmateoo the Slasher (level 6, -2/79 HPs)
             Began as a Gnoll Berserker on Dec 7, 2023.
             Was a Believer of Trog.
             Slain by an iguana (8 damage)
             ... on level 4 of the Dungeon.
             The game lasted 00:01:59 (1984 turns).

inmateoo the Slasher (Gnoll Berserker)              Turns: 1984, Time: 00:01:59

Health: -2/79      AC:  8    Str: 18    XL:     6   Next: 19%
Magic:  8/8        EV: 11    Int:  7    God:    Trog [**....]
Gold:   180        SH:  0    Dex: 11    Spells: 8/8 levels left

rFire   . . .        q - +0 long sword
rCold   . . .        (no shield)
rNeg    . . .        p - +0 scale mail
rPois   .            d - +0 helmet
rElec   .            (no cloak)
rCorr   .            (no gloves)
SInv    .            (no boots)
Will    .....        (no amulet) Stlth
                     (no ring)
HPRegen 0.33/turn    (no ring)
MPRegen 0.11/turn

%: no passive effects
@: berserking, very quick
A: fangs 1, strong nose, distributed training
a: Renounce Religion, Berserk, Trog's Hand


You were on level 4 of the Dungeon.
You worshipped Trog.
Trog was pleased with you.
You visited 1 branch of the dungeon, and saw 4 of its levels.

You collected 180 gold pieces.

Inventory:

Hand Weapons
 q - a +0 long sword (weapon)
Armour
 d - a +0 helmet (worn)
 p - a +0 scale mail (worn)
Jewellery
 l - a ring of fire
Wands
 n - a wand of flame (30)
Scrolls
 b - a scroll of fear {unknown}
 c - 3 scrolls of identify {unknown}
 e - a scroll of amnesia {unknown}
 h - 2 scrolls of enchant armour {unknown}
 i - a scroll of butterflies {unknown}
 j - a scroll of blinking {unknown}
 m - a scroll of teleportation {unknown}
 r - a scroll of acquirement {unknown}
Potions
 a - a potion of heal wounds {unknown}
 f - a potion of cancellation {unknown}
 g - a potion of curing {unknown}
 k - 2 potions of mutation {unknown}
 o - a potion of brilliance {unknown}


   Skills:
 + Level 6.8 Fighting
 + Level 1.9 Short Blades
 + Level 6.8 Long Blades
 + Level 1.9 Axes
 + Level 1.9 Maces & Flails
 + Level 1.9 Polearms
 + Level 1.9 Staves
 + Level 1.9 Ranged Weapons
 + Level 1.9 Throwing
 + Level 4.9 Armour
 + Level 4.9 Dodging
 + Level 1.9 Stealth
 + Level 1.9 Shields
 + Level 1.9 Unarmed Combat
 + Level 1.9 Spellcasting
 + Level 1.5 Conjurations
 + Level 1.5 Hexes
 + Level 1.5 Summonings
 + Level 1.5 Necromancy
 + Level 1.5 Translocations
 + Level 1.5 Transmutations
 + Level 1.5 Fire Magic
 + Level 1.5 Ice Magic
 + Level 1.5 Air Magic
 + Level 1.5 Earth Magic
 + Level 1.5 Poison Magic
 + Level 2.1 Invocations
 + Level 1.9 Evocations
 + Level 1.7 Shapeshifting


You had 8 spell levels left.
You didn't know any spells.
Your spell library was empty.

Dungeon Overview and Level Annotations

Branches:
Dungeon (4/15)
 Temple: D:4-7

Altars:


Innate Abilities, Weirdness & Mutations

You have very sharp teeth.
Your uncanny sense of smell can sniff out nearby items.
Your experience applies equally to all skills.


Message History

The iguana is moderately wounded.
The iguana bites you.
An iguana is nearby!
You barely miss the iguana.
The iguana is moderately wounded.
The iguana bites you!
You hit the iguana but do no damage.
The iguana is moderately wounded.
The iguana bites you!
You hit the iguana. You bite the iguana, but do no damage.
The iguana is moderately wounded.
The iguana bites you but does no damage.
You barely miss the iguana.
The iguana is moderately wounded.
The iguana bites you but does no damage.
You barely miss the iguana.
The iguana is moderately wounded.
The iguana bites you!
You hit the iguana but do no damage.
The iguana is moderately wounded.
The iguana misses you. The iguana bites you!
* * * LOW HITPOINT WARNING * * *
You are too injured to fight recklessly!
You hit the iguana.
The iguana is severely wounded.
The iguana bites you.
* * * LOW HITPOINT WARNING * * *
You are too injured to fight recklessly!
A red film seems to cover your vision as you go berserk!
You feel yourself moving faster!
You feel mighty! The iguana bites you.
* * * LOW HITPOINT WARNING * * *
You barely miss the iguana.
The iguana is severely wounded.
You hit the iguana but do no damage.
The iguana is severely wounded.
The iguana bites you but does no damage.
You closely miss the iguana.
The iguana is severely wounded.
The iguana bites you!
You die...

#....# ... #....#
#.# #....# #.#
##....# #.####
).....# #....
##...## #..#
....## ########..#
##..# #.......$.#
###.####.#######@#
# #......# #l#
#.###### #.# #.#
#.# ###.# #.#
..#.# #.# #.#.#
... #.#.# ...
#.#.#


You could see an iguana.

Vanquished Creatures
  A jelly (D:4)
  An orc priest (D:4)
  A hound (D:3)
  An iguana (D:4)
  4 gnolls (D:3)
  3 adders
  5 worms
  A dart slug (D:3)
  5 orcs
  4 ball pythons
  3 endoplasms
  4 giant cockroaches
  7 goblins
  3 hobgoblins
  3 jackals (D:3)
  6 quokkas
  5 bats
  5 frilled lizards
  2 kobolds
  5 rats
69 creatures vanquished.

Notes
Turn   | Place    | Note
-------+----------+-------------------------------------------
     0 | D:1      | inmateoo the Gnoll Berserker began the quest for the Orb.
     0 | D:1      | Reached XP level 1. HP: 23/23 MP: 1/1
    28 | D:1      | Reached XP level 2. HP: 15/29 MP: 2/2
   463 | D:2      | Reached XP level 3. HP: 34/35 MP: 3/3
   570 | D:2      | Reached skill level 1 in Invocations
   592 | D:2      | Reached ** piety under Trog
   626 | D:2      | Reached skill level 1 in Short Blades
   626 | D:2      | Reached skill level 1 in Axes
   626 | D:2      | Reached skill level 1 in Maces & Flails
   626 | D:2      | Reached skill level 1 in Polearms
   626 | D:2      | Reached skill level 1 in Staves
   626 | D:2      | Reached skill level 1 in Ranged Weapons
   626 | D:2      | Reached skill level 1 in Throwing
   626 | D:2      | Reached skill level 1 in Stealth
   626 | D:2      | Reached skill level 1 in Shields
   626 | D:2      | Reached skill level 1 in Unarmed Combat
   626 | D:2      | Reached skill level 1 in Spellcasting
   626 | D:2      | Reached skill level 1 in Evocations
   765 | D:3      | Reached skill level 1 in Shapeshifting
   765 | D:3      | Reached XP level 4. HP: 38/41 MP: 5/5
   797 | D:3      | Reached skill level 1 in Conjurations
   797 | D:3      | Reached skill level 1 in Hexes
   797 | D:3      | Reached skill level 1 in Summonings
   797 | D:3      | Reached skill level 1 in Necromancy
   797 | D:3      | Reached skill level 1 in Translocations
   797 | D:3      | Reached skill level 1 in Transmutations
   797 | D:3      | Reached skill level 1 in Fire Magic
   797 | D:3      | Reached skill level 1 in Ice Magic
   797 | D:3      | Reached skill level 1 in Air Magic
   797 | D:3      | Reached skill level 1 in Earth Magic
   797 | D:3      | Reached skill level 1 in Poison Magic
   947 | D:3      | Identified the +1 leather armour of the Wumpus {-Tele rElec
                  | rPois Str+3}
  1289 | D:3      | Reached XP level 5. HP: 47/47 MP: 6/6
  1911 | D:4      | Reached XP level 6. HP: 45/53 MP: 8/8
  1984 | D:4      | Slain by an iguana

Illustrated notes

Levels and vault maps discovered:
D:1:      wander_arrival_lonely_grave, layout_rooms
D:2:      layout_rooms
D:3:      layout_loops_ring
D:4:      layout_loops_ring, uniq_pargi

Skill      XL: |  1  2  3  4  5 |
---------------+----------------+-----
Invocations    | 1 2 |  2.1
Short Blades   | 1 |  1.9
Axes           | 1 |  1.9
Maces & Flails | 1 |  1.9
Polearms       | 1 |  1.9
Staves         | 1 |  1.9
Ranged Weapons | 1 |  1.9
Throwing       | 1 |  1.9
Stealth        | 1 |  1.9
Shields        | 1 |  1.9
Unarmed Combat | 1 |  1.9
Spellcasting   | 1 |  1.9
Evocations     | 1 |  1.9
Shapeshifting  | 1 |  1.7
Conjurations   | 1 |  1.5
Hexes          | 1 |  1.5
Summonings     | 1 |  1.5
Necromancy     | 1 |  1.5
Translocations | 1 |  1.5
Transmutations | 1 |  1.5
Fire Magic     | 1 |  1.5
Ice Magic      | 1 |  1.5
Air Magic      | 1 |  1.5
Earth Magic    | 1 |  1.5
Poison Magic   | 1 |  1.5
Fighting       | |  6.8
Long Blades    | |  6.8
Armour         | |  4.9
Dodging        | |  4.9

Action                     |  1- 3 |  4- 6 || total
---------------------------+-------+-------++-------
  Melee: Falchion          |   119 |    91 ||   210
         Bite              |    11 |     8 ||    19
         Punch             |       |     3 ||     3
         Long sword        |       |    57 ||    57
 Invoke: Berserk           |       |     3 ||     3
   Stab: Sleeping          |     1 |       ||     1
 Armour: Animal skin       |    42 |    29 ||    71
         Scale mail        |       |    65 ||    65
  Dodge: Dodged            |    63 |   103 ||   166

Table legend: (Time is in decaauts)
 A = Elapsed time spent in this place.
 B = Non-inter-level travel time spent in this place.
 C = Inter-level travel time spent in this place.
 D = Time resting spent in this place.
 E = Time spent auto-exploring this place.
 F = Levels seen in this place.
 G = Mean time per level.
                   A        B        C        D        E       F      G
               +--------+--------+--------+--------+--------+-----+--------+
         Total |   1993 |   1897 |     96 |    323 |   1077 |   4 |  498.2 |
       Dungeon |   1993 |   1897 |     96 |    323 |   1077 |   4 |  498.2 |
               +--------+--------+--------+--------+--------+-----+--------+

Top non-repeatable levels by time:
     D:3: 974 daAuts
     D:1: 414 daAuts
     D:2: 328 daAuts
     D:4: 275 daAuts
